Unix NetHack Version 5.0.0-0 post-release - last build Jun 10 2026 00:39:30 (3ee93aec679c4c4259841fe613dc97188e26a321,branch:main).

Game began 2026-06-19 07:33:58, ended 2026-06-19 09:02:41.

LDaviesPeters, neutral female human Archeologist

                            --------
                            |......|
                          ##.....:.|
                          # |...<..|
                          # |.......
                      ##### ----|---    .
             ------# ##                  -
         h   |.....###
         #@##|>...|###
            #f....+##
             ------


                               -.
                                --

LDaviesPeters the Field Worker  St:12 Dx:11 Co:14 In:15 Wi:15 Ch:9  Neutral
Dlvl:2  $:2  HP:0(20) Pw:13(13) AC:9  Xp:3 T:633 

Latest messages:
 The '5' prefix should be followed by a movement command.
 The kitten misses the grid bug.
 The kitten misses the grid bug.
 You swap places with your kitten.
 You kill the grid bug!  Welcome to experience level 2.
 In what direction? 1
 The door closes.
 You swap places with your kitten.
 The goblin thrusts her crude dagger.  The goblin hits!
 You kill the goblin!
 You see here a crude dagger.
 You see here a crude dagger.
 n - a crude dagger.
 You swap places with your kitten.
 The kitten bites the grid bug.  The grid bug is killed!
 A crude dagger lands on the altar.  A dagger lands on the altar.
 n - an uncursed crude dagger.  m - an uncursed dagger.
 You descend the stairs.
 Really save? [yn] (n) y
 Saving...
 Restoring save file...
 Hello LDaviesPeters, the human Archeologist, welcome back to NetHack!
 You hear someone cursing shoplifters.
 You hear the chime of a cash register.
 You feel tough!
 You must have been leading a healthy life-style.
 You see here a lembas wafer.
 e - a lembas wafer.
 You swap places with your kitten.
 You descend the stairs.
 You lash the gnome lord.
 The gnome lord wields 4 daggers!
 You lash the gnome lord.
 The gnome lord thrusts one of his daggers.
 The gnome lord hits!
 You lash the gnome lord.
 The gnome lord thrusts one of his daggers.
 The gnome lord hits!
 You kill the gnome lord!
 Welcome to experience level 3.
 The gnome throws a dagger!
 You are hit by a dagger.
 You climb up the stairs.
 The hobbit thrusts her runed dagger.
 The hobbit hits!
 You die...
 Do you want your possessions identified? [ynq] (y) q

Inventory:
 Coins    ('$')
  $ - 2 gold pieces
 Weapons  (')')
  m - a +2 dagger
  n - a +0 orcish dagger
  a - a +2 bullwhip (weapon in right hand)
 Armor    ('[')
  c - an uncursed +0 fedora (being worn)
  l - an uncursed +3 orcish helm
  h - an uncursed +0 leather jacket (being worn)
 Comestibles  ('%')
  d - 3 uncursed food rations
  e - an uncursed lembas wafer
 Wands    ('/')
  j - a wand of striking (0:4)
 Tools    ('(')
  b - an uncursed sack containing 2 items
  i - a magic marker (0:20)
  p - a +0 pick-axe (alternate weapon; not wielded)
  f - a tinning kit (0:80)
 Gems/Stones  ('*')
  g - an uncursed touchstone

Contents of the sack:
  12 gold pieces
  2 uncursed potions of sleeping

LDaviesPeters the Archeologist's attributes:

Background:
 You were a Field Worker, a level 3 female human Archeologist.
 You were neutral, on a mission for Camaxtli
 who was opposed by Quetzalcoatl (lawful) and Huhetotl (chaotic).
 You were right-handed.
 You were in the Dungeons of Doom, on level 2.
 You entered the dungeon 633 turns ago.
 You had 41 experience points, 39 more were needed to attain level 4.

Basics:
 You had 0 out of 20 hit points.
 You had all 13 energy points (spell power).
 Your armor class was 9.
 Your wallet contained 2 zorkmids, and
 you had 12 more stashed away in your pack.
 Autopickup was off.

Final Characteristics:
 Your strength was 12 (limit:18/100).
 Your dexterity was 11 (limit:18).
 Your constitution was 14 (limit:18).
 Your intelligence was 15 (limit:18).
 Your wisdom was 15 (limit:18).
 Your charisma was 9 (limit:18).

Final Status:
 You weren't hungry.
 You were unencumbered.
 You were wielding a whip.
 You had basic skill with whip.

Final Attributes:
 You were fervently aligned.
 You had automatic searching.
 You were lucky.
 You are dead.

Miscellaneous:
 You didn't encounter any bones levels.
 Total elapsed playing time was 5 minutes and 32 seconds.

Major events:
 Turn
    1: LDaviesPeters the neutral female human Archeologist entered the dungeon
  623: entered the Gnomish Mines
  627: attained the rank of Field Worker (level 3)
  633: killed by a hobbit

You didn't know any spells.

Skills:
 Fighting Skills
   bare handed combat [Unskilled]
   two weapon combat  [Unskilled]
   riding             [Unskilled]
 Weapon Skills
   dagger             [Unskilled]
   knife              [Unskilled]
   pick-axe           [Basic]
   short sword        [Unskilled]
   saber              [Unskilled]
   club               [Unskilled]
   quarterstaff       [Unskilled]
   sling              [Unskilled]
   dart               [Unskilled]
   boomerang          [Unskilled]
   whip               [Basic]
   unicorn horn       [Unskilled]
 Spellcasting Skills
   attack spells      [Unskilled]
   healing spells     [Unskilled]
   divination spells  [Unskilled]
   matter spells      [Unskilled]

Voluntary challenges:
 Character rerolling was not enabled.
 You never genocided any monsters.
 You never polymorphed an object.
 You never changed form.
 You used no wishes.
Achievements:
 You entered the Gnomish Mines.
 You attained the rank of Field Worker.

 The Dungeons of Doom: levels 1 to 2
    Level 1:
       Many altars.
    Level 2: <- You were here.
       Stairs down to The Gnomish Mines.
       Final resting place for
          you, killed by a hobbit.
 The Gnomish Mines:
    Level 3:


Vanquished creatures:
  a gnome leader
  a fox
  3 goblins
  4 grid bugs
  a lichen
  a kobold zombie
11 creatures vanquished.

No species were genocided or became extinct.

Game over:
                       ----------
                      /          \
                     /    REST    \
                    /      IN      \
                   /     PEACE      \
                  /                  \
                  |  LDaviesPeters   |
                  |      14 Au       |
                  |   killed by a    |
                  |      hobbit      |
                  |                  |
                  |                  |
                  |       2026       |
                 *|     *  *  *      | *
        _________)/\\_//(\/(/\)/\//\/|_)_______

Goodbye LDaviesPeters the Archeologist...

You died in The Dungeons of Doom on dungeon level 2 with 277 points,
and 14 pieces of gold, after 633 moves.
You were level 3 with a maximum of 20 hit points when you died.

